Map: Мертвые в ночи

Players

Ulisses

  • Race: Zerg Zerg
  • Spawn Location: 0:00

Donchic

  • Race: Zerg Zerg

VOD

Have the link to the VOD?

Description

Time

  • Played on: May 16, 2024, 3:44 a.m.
  • Length: 59:03
Show
View Real Time Build Order
Export as new Build Order

Ulisses Zerg 

Build Orders:  

Get SALT Encoding   

  12  0:06  Drone  
  13  0:12  Drone  
  14  0:27  Overlord  
  14  1:21  Drone  
  14  1:22  Drone  
  14  1:23  Drone x2  
  14  1:24  Drone  
  19  1:39  Spawning Pool  
  18  1:50  Evolution Chamber  
  18  1:59  Drone x2  
  19  2:51  Extractor  
  18  3:20  Zergling x2  
  18  3:21  Zergling x4  
  18  3:22  Zergling x2  
  18  3:28  Overlord  
  18  3:29  Overlord  
  22  5:59  Lair  
  21  6:14  Zergling x4  
  21  6:15  Zergling x6  
  21  6:16  Zergling x2  
  27  6:21  Zerg Melee Weapons Level 1  
  27  7:14  Metabolic Boost  
  27  8:34  Hive  
  27  8:57  Drone, Extractor  
  27  8:58  Drone x4  
  55  9:00  Drone  
  31  9:01  Zerg Ground Armor Level 1  
  32  9:22  Drone  
  33  10:55  Adrenal Overload  
  33  11:41  Zerg Melee Weapons Level 2  
  33  12:46  Drone  
  33  12:47  Drone x2  
  36  12:54  Drone  
  36  12:57  Overlord x2  
  37  14:51  Zerg Ground Armor Level 2  
  37  16:12  Zergling x4  
  37  16:13  Zergling x6  
  37  16:14  Zergling x2  
  43  17:04  Zergling x4  
  43  17:06  Zergling x2  
  46  18:01  Zerg Melee Weapons Level 3  
  46  19:35  Drone  
  46  19:36  Drone x4  
  46  19:37  Drone  
  52  21:10  Drone  
  52  21:12  Overlord x3  
  52  21:13  Overlord x2  
  53  21:25  Hydralisk Den  
  52  21:41  Zerg Ground Armor Level 3  
  52  25:21  Zerg Missile Weapons Level 1  
  41  27:12  Zergling x2  
  41  27:13  Zergling x2  
  41  27:14  Zergling x2  
  41  27:16  Zergling x4  
  41  27:17  Zergling x2  
  43  33:29  Zergling x4  
  45  33:30  Zergling x6  
  45  33:31  Zergling x2  
  49  33:45  Zerg Missile Weapons Level 2  
  49  34:01  Hydralisk Den  
  48  34:11  Zergling x4  
  50  34:23  Overlord  
  50  35:03  Muscular Augments  
  50  35:09  Hydralisk x2  
  54  35:10  Hydralisk  
  43  37:03  Hydralisk x4  
  43  37:04  Hydralisk x2  
  50  37:52  Zerg Missile Weapons Level 3  
  50  38:59  Hydralisk x3  
  56  39:00  Hydralisk  
  56  39:01  Hydralisk x2  
  62  39:46  Queen  
  65  40:06  Hydralisk  
  66  41:32  Heroic Fortitude  
  66  41:35  Hydralisk x3  
  66  41:36  Hydralisk x3  
  78  42:50  Hydralisk  
  78  42:51  Hydralisk x3  
  78  42:57  Hydralisk  
Show
View Real Time Build Order
Export as new Build Order

Donchic Zerg 

Build Orders:  

Get SALT Encoding   

  12  0:05  Infested SCV  
  13  0:16  Infested SCV  
  14  0:30  Infested SCV  
  14  0:31  Overlord  
  15  0:57  Infested Refinery  
  15  1:05  Infested SCV x2  
  17  1:16  Infested SCV  
  18  1:41  Infested Barracks  
  18  1:54  Infested SCV x2  
  18  1:55  Infested SCV  
  21  2:22  Infested Engineering Bay  
  21  2:42  Overlord x2  
  21  2:43  Infested SCV  
  21  2:46  Infested Marine  
  23  2:59  Infested Refinery  
  23  3:32  Infested Factory  
  22  3:46  Infested Missile Turret  
  22  3:52  Infested Marine x2  
  22  3:53  Infested Marine x6  
  22  3:54  Infested Marine x2  
  22  3:58  Infested SCV x4  
  36  4:36  Infested Factory Tech Lab  
  36  4:38  Infested Starport  
  36  4:46  Infested Armory  
  36  4:51  Overlord x3  
  36  4:52  Infested SCV  
  37  5:14  Infestation Level 1  
  31  5:40  Infested Bunker  
  31  5:54  Infested Barracks  
  31  5:55  Infested SCV x2  
  31  5:56  Overlord  
  33  7:14  Anaerobic Enhancement  
  33  7:25  Infested Starport Tech Lab  
  33  7:29  Infested Siege Tank x4  
  45  7:39  Infested Marine x6  
  51  7:40  Infested Marine x4  
  51  7:44  Infested SCV  
  51  7:46  Infested SCV  
  41  9:13  Infested Banshee x5  
  56  10:53  Infestation Level 2  
  56  12:15  Infested Siege Tank x4  
  56  12:16  Infested Siege Tank  
  71  12:28  Infested Refinery  
  70  16:00  Overlord  
  70  16:01  Overlord x4  
  70  17:27  Infested Banshee x3  
  79  18:22  Overlord x4  
  79  18:23  Overlord  
  67  20:13  Infestation Level 3  
  67  20:18  Infested Barracks Tech Lab  
  55  22:21  Infested Liberator x5  
  70  22:46  Infested Marine x6  
  70  22:47  Infested Marine x4  
  70  22:49  Infested Marine x3  
  83  22:50  Infested Marine x6  
  83  22:51  Infested Marine  
  87  23:08  Unknown x5  
  84  23:13  Unknown x5  
  51  25:14  Infested Starport Tech Lab  
  51  27:02  Infested Banshee x5  
  66  27:11  Infested Marine x2  
  66  27:12  Infested Marine x6  
  66  27:13  Infested Marine x2  
  66  27:15  Infested Marine x4  
  66  27:16  Infested Marine x6  
  86  27:26  Infested Siege Tank x3  
  86  27:27  Infested Siege Tank x2  
  101  28:09  Unknown x3  
  75  29:05  Infested Marine  
  75  29:06  Infested Marine x6  
  75  29:07  Infested Marine x3  
  75  29:09  Infested Marine x3  
  88  29:10  Infested Marine x6  
  88  29:11  Infested Marine  
  84  29:40  Infested Liberator x4  
  84  29:41  Infested Liberator  
  89  30:36  Infested Marine x3  
  89  30:37  Infested Marine x7  
  99  30:40  Infested Marine x5  
  99  30:41  Infested Marine x5  
  91  31:23  Unknown x4  
  85  31:40  Infested Refinery  
  49  32:54  Infested Banshee x5  
  49  32:59  Infested Marine x3  
  67  33:00  Infested Marine x6  
  67  33:01  Infested Marine  
  67  33:02  Infested Marine x3  
  67  33:03  Infested Marine x6  
  67  33:04  Infested Marine  
  84  33:23  Infested SCV x5  
  89  34:15  Infested Refinery  
  89  34:29  Infested Starport  
  69  35:13  Infested Liberator x3  
  69  35:14  Infested Banshee x2  
  84  35:21  Infested Starport Tech Lab  
  84  35:43  Stukov Infantry Weapons Level 1  
  84  35:48  Infested Banshee x2  
  84  36:04  Infested Banshee x2  
  84  36:05  Infested Banshee  
  93  36:23  Infested Marine x5  
  93  36:24  Infested Marine x4  
  93  36:26  Infested Marine  
  93  36:27  Infested Marine x2  
  93  36:28  Infested Marine x5  
  93  36:29  Infested Marine x3  
  109  37:12  Unknown x7  
  106  37:26  Unknown x3  
  103  37:40  Infested Banshee x3  
  103  37:41  Infested Banshee x2  
  115  37:59  Infested Siege Tank  
  118  38:03  Overlord  
  118  38:04  Overlord x4  
  118  38:06  Infested Marine x3  
  118  38:07  Infested Marine x7  
  109  38:10  Infested Marine x3  
  109  38:11  Infested Marine x7  
  116  39:08  Unknown x7  
  99  39:31  Unknown x7  
  93  39:56  Unknown x7  
  89  40:13  Unknown x7  
  89  40:19  Unknown x6  
  80  40:31  Unknown x4  
  80  40:46  Unknown x3  
  80  40:56  Unknown x4  
  71  41:47  Infested Banshee x4  
  71  41:48  Infested Banshee  
  71  41:49  Infested Liberator  
  89  41:50  Infested Liberator x4  
  101  42:45  Infested Marine x5  
  101  42:46  Infested Marine x5  
  101  42:48  Infested Marine  
  101  42:49  Infested Marine x6  
  118  42:50  Infested Marine x3  
  118  42:57  Infested Refinery  
  121  43:19  Infested Banshee x4  
  133  43:21  Infested Liberator x3  
  133  43:22  Infested Liberator  
  125  44:43  Unknown x9  
  125  45:15  Unknown x2  
  116  45:23  Infested Liberator x5  
  116  45:25  Unknown x7  
  128  45:30  Unknown x11  
  128  45:33  Infested Liberator x4  
  128  45:34  Infested Liberator  
  143  45:43  Unknown x11  
  139  46:43  Infested Starport Tech Lab  
  139  46:45  Infested Banshee x3  
  139  46:47  Unknown x20  
  142  47:05  Unknown x18  
  124  47:29  Unknown x17  
  118  47:34  Unknown x13  
  115  47:47  Infested Starport Tech Lab  
  102  47:52  Infested Banshee  
  102  47:53  Infested Banshee x2  
  111  48:02  Infested Marine x2  
  111  48:03  Infested Marine x7  
  111  48:04  Infested Marine  
  111  48:05  Infested Marine x3  
  111  48:06  Infested Marine x3  
  127  48:13  Overlord x3  
  127  48:19  Infested Refinery  
  124  48:53  Infested Banshee x2  
  124  48:54  Infested Banshee x2  
  136  49:18  Unknown x14  
  136  49:28  Unknown x18  
  136  49:33  Unknown x10  
  133  49:42  Unknown x13  
  120  50:19  Infested Marine x4  
  124  50:20  Infested Marine x6  
  124  50:22  Infested Marine x4  
  124  50:23  Infested Marine x6  
  124  50:25  Infested Banshee  
  124  50:26  Infested Banshee x2, Unknown x14  
  149  51:04  Unknown x18  
  146  51:10  Unknown x16  
  146  51:16  Unknown x15  
  131  51:54  Infested Banshee  
  131  51:55  Infested Banshee x3  
  139  52:01  Infested Marine x2  
  139  52:02  Infested Marine x6  
  139  52:03  Infested Marine x2  
  139  52:05  Infested Marine x5  
  139  52:06  Infested Marine x5  
  140  52:54  Unknown x8  
  140  53:01  Unknown x9  
  136  53:23  Unknown x13  
  136  53:29  Unknown x13  
  113  54:34  Unknown x12  
  107  54:40  Unknown x14  
  101  54:51  Unknown x5  
  101  54:59  Infested Marine x4  
  99  55:00  Infested Marine x5  
  99  55:01  Unknown x13  
  99  55:04  Infested Marine x4  
  99  55:05  Infested Marine x6, Unknown x12  
  111  55:13  Unknown x9  
  107  55:31  Unknown x4  
  85  55:51  Infested Marine x4  
  85  55:52  Infested Marine x5  
  85  55:53  Infested Marine  
  85  55:54  Infested Marine x6  
  85  55:55  Infested Marine x2  
  65  56:53  Infested Siege Tank x3  
  65  56:54  Infested Siege Tank x2  
  80  57:07  Unknown x5  
  62  57:13  Unknown  
Tags
 
Add a new tag
Caveats
  • Supply blocks, unpowered buildings, or Contaminate may cause inaccurate times.
  • Supply counts are checked every 10 seconds.